 Dungeon Crawl Stone Soup version 0.24-a0-230-g536ed4e33c (webtiles) character file.

Game seed: 6890212970394244291

232 CedricTheThird the Ruffian (level 5, -1/50 HPs)
             Began as a Troll Monk on Apr 2, 2019.
             Killed by divine providence
             ... invoked by an orc priest
              (9 damage)
             ... on level 4 of the Dungeon.
             The game lasted 00:03:56 (1884 turns).

CedricTheThird the Ruffian (Troll Monk)             Turns: 1884, Time: 00:03:57

Health: -1/50      AC:  7    Str: 20    XL:     5   Next: 73%
Magic:  4/4        EV:  6    Int:  6    God:
Gold:   100        SH: 12    Dex: 12    Spells: 4/4 levels left

rFire    . . .     SeeInvis .     - Unarmed
rCold    . . .     Gourm    +   j - +0 large shield
rNeg     . . .     Faith    .   a - +0 robe
rPois    .         Spirit   .   (helmet restricted)
rElec    .         Reflect  .   u - +0 cloak
rCorr    .         Harm     .   (gloves unavailable)
MR       .....                  (boots unavailable)
Stlth    ++........             (no amulet)
HPRegen  0.56/turn              (no ring)
MPRegen  0.09/turn              (no ring)

@: no status effects
A: large, unfitting armour, claws 3, fast metabolism 3, gourmand, regeneration
1, shaggy fur 1, tough skin 3
a: no special abilities


You were on level 4 of the Dungeon.
You were very full.

You visited 1 branch of the dungeon, and saw 4 of its levels.

You collected 100 gold pieces.

Inventory:

Armour
 a - a +0 robe (worn)
 j - a +0 large shield (worn)
 u - a +0 cloak (worn)
Jewellery
 h - an uncursed amulet of harm {unknown}
Wands
 q - a wand of digging (4)
Scrolls
 c - 2 scrolls of magic mapping {unknown}
 d - 2 scrolls of fog {unknown}
 g - a scroll of teleportation {unknown}
 i - a scroll of fear {unknown}
 k - 5 scrolls of identify {unknown}
 m - a scroll of amnesia {unknown}
 p - a scroll of remove curse {unknown}
Potions
 e - a potion of lignification {unknown}
 f - a potion of degeneration {unknown}
 l - a potion of heal wounds
 n - a potion of haste {unknown}
 o - a potion of ambrosia {unknown}
 s - a potion of brilliance {unknown}
 t - a potion of mutation {unknown}
Comestibles
 b - 6 rations


   Skills:
 - Level 2.4 Fighting
 - Level 2.4 Dodging
 - Level 1.0 Stealth
 + Level 1.6 Shields
 * Level 6.0 Unarmed Combat


You had 4 spell levels left.
You didn't know any spells.
Your spell library was empty.

Dungeon Overview and Level Annotations

Branches:
Dungeon (4/15)
 Temple: D:4-7

Altars:
Dithmenos


Innate Abilities, Weirdness & Mutations

You are too large for most types of armour.
You have claws for hands.
Your metabolism is lightning-fast.
You like to eat raw meat.
Your natural rate of healing is unusually fast.
You are covered in fur. (AC +1)
You have extremely tough skin. (AC +3)


Message History

The orc wizard blinks!
You claw the jackal!
You kill the jackal!
The jackal bites you but does no damage.
The orc priest hits you from afar with a +0 trident.
* * * LOW HITPOINT WARNING * * *
The jackal bites you but does no damage.
You claw the jackal!
You kill the jackal!
You block the jackal's attack.
The orc priest mumbles some strange prayers to Beogh against you.
Beogh smites you!
* * * LOW HITPOINT WARNING * * *
You block the jackal's attack.
The orc wizard gestures at you while chanting.
You resist with some effort. You block the jackal's attack.
The orc priest invokes the aid of Beogh against you.
Beogh smites you!
You die...

.o....§# #hh.$oo# +......#
#......+ #......#
#####......####+## ...
#....o######.....###+#...
#....h)........#§##..#...
#.....#h@.....#§§§#.[#...
#.....##..####.#§#§#.#...
.o..#####..##.§§§_.§§.#...
..... #...'.#§#§#.#.#...
.... +...#..#§§§#..'...
.... #...#...#§#...#...
#...#.....>...#...
#.###.##..###.#... #+#
#.##'#########


You could see an orc priest and 2 jackals.

Vanquished Creatures
  A water moccasin skeleton (D:3)
  Crazy Yiuf (D:3)
  Ijyb (D:3)
  5 adders
  An ooze (D:2)
  4 leopard geckos
  9 orcs
  5 bats
  A giant cockroach (D:1)
  8 goblins
  6 hobgoblins
  2 jackals (D:4)
  11 kobolds
  3 quokkas
  2 ball pythons
  7 frilled lizards
  7 rats
74 creatures vanquished.

Notes
Turn   | Place    | Note
-------+----------+-------------------------------------------
     0 | D:1      | CedricTheThird the Troll Monk began the quest for the Orb.
     0 | D:1      | Reached XP level 1. HP: 22/22 MP: 0/0
    99 | D:1      | Reached XP level 2. HP: 28/29 MP: 1/1
   399 | D:2      | Reached skill level 4 in Unarmed Combat
   422 | D:2      | Reached XP level 3. HP: 36/36 MP: 2/2
  1068 | D:3      | Reached XP level 4. HP: 34/44 MP: 3/3
  1085 | D:3      | Reached skill level 5 in Unarmed Combat
  1457 | D:3      | Noticed Ijyb
  1473 | D:3      | Killed Ijyb
  1473 | D:3      | Reached skill level 1 in Shields
  1514 | D:3      | Reached XP level 5. HP: 21/50 MP: 4/4
  1618 | D:3      | Found a runed translucent door.
  1619 | D:3      | Noticed Crazy Yiuf
  1628 | D:3      | Killed Crazy Yiuf
  1695 | D:3      | Reached skill level 6 in Unarmed Combat
  1841 | D:4      | Found a shadowy altar of Dithmenos.
  1884 | D:4      | Killed from afar by an orc priest

Levels and vault maps discovered:
D:1:      scummos_arrival_hexagon, layout_rooms
D:2:      layout_loops_cross, chequers_serial_rivers_micro_b
D:3:      layout_loops_ring, first_ration, uniq_crazy_yiuf_cottage, uniq_ijyb
D:4:      layout_gridville, vehumet_statue, marbit_many_paths,
          grunt_dithmenos_smoke_and_mirrors, serial_shops, shop_coins

Skill      XL: |  1  2  3  4  5 |
---------------+----------------+-----
Unarmed Combat | 4 5 6 |  6.0
Shields        | 1 |  1.6
Fighting       | |  2.4
Dodging        | |  2.4
Stealth        | |  1.0

Action                   |  1- 3 |  4- 6 || total
-------------------------+-------+-------++-------
Melee: Unarmed           |   119 |   133 ||   252
       Punch             |     2 |       ||     2
  Use: Potion            |       |     1 ||     1
 Stab: Sleeping          |     2 |     2 ||     4
       Distracted        |     1 |       ||     1
  Eat: Chunk             |     4 |    14 ||    18
       Ration            |     1 |       ||     1
Armor: Robe              |    53 |    41 ||    94
Dodge: Dodged            |    36 |    25 ||    61
Block: Large shield      |    60 |    69 ||   129

Table legend:
 A = Non-vault XP
 B = Vault XP
 C = Vault XP percentage of total XP
 D = Non-vault monster count
 E = Vault monster count
 F = Vault count percentage of total count
                 A         B        C        D         E       F
            +---------+---------+-------+---------+---------+-------
      Total |     255 |      77 |  23.2 |      72 |       2 |   2.7
            +---------+---------+-------+---------+---------+-------
        D:1 |      24 |       0 |   0.0 |      16 |       0 |   0.0
        D:2 |      64 |       0 |   0.0 |      23 |       0 |   0.0
        D:3 |     156 |      77 |  33.0 |      28 |       2 |   6.7
        D:4 |      11 |       0 |   0.0 |       5 |       0 |   0.0
            +---------+---------+-------+---------+---------+-------
